 Dungeon Crawl Stone Soup version 0.22.1-1-ga44c0e5 (webtiles) character file.

119 Garbasso the Ducker (level 5, -3/34 HPs)
             Began as an Octopode Wanderer on Oct 11, 2018.
             Slain by an orc wizard
             ... wielding a +0 dagger
              (4 damage)
             ... on level 3 of the Dungeon.
             The game lasted 00:07:18 (2731 turns).

Garbasso the Ducker (Octopode Wanderer)             Turns: 2731, Time: 00:07:18

Health: -3/34      AC:  1    Str: 11    XL:     5   Next: 3%
Magic:  8/8        EV:  9    Int: 16    God:
Gold:   120        SH: 10    Dex: 11    Spells: 3/8 levels left

rFire    . . .     SeeInvis .   b - +0 hand axe
rCold    . . .     Gourm    .   h - +0 large shield (curse)
rNeg     . . .     Faith    .   (helmet restricted)
rPois    .         Spirit   .   (no amulet)
rElec    .         Reflect  .   n - ring of wizardry
rCorr    .         Harm     .   (no ring)
MR       .....                  (no ring)
Stlth    +++.......             (no ring)
HPRegen  0.11/turn              (no ring)
MPRegen  0.11/turn              (no ring)
                                (no ring)
                                (no ring)

@: no status effects
A: almost no armour, stealthy swim, amphibious, 8 rings, constrict 8, camouflage
1, gelatinous body 1
a: no special abilities


You were on level 3 of the Dungeon.
You were not hungry.

You visited 1 branch of the dungeon, and saw 3 of its levels.

You collected 120 gold pieces.

Inventory:

Hand Weapons
 b - a +0 hand axe (weapon)
Armour
 h - a cursed +0 large shield (worn)
Jewellery
 n - a ring of wizardry (left tentacle)
Wands
 l - a wand of enslavement (12)
Scrolls
 e - 3 scrolls of identify {unknown}
 f - 2 scrolls of remove curse {unknown}
 j - a scroll of immolation {unknown}
 k - a scroll of amnesia {unknown}
Potions
 a - a potion of might
 c - 3 potions of curing
 g - a potion of degeneration {unknown}
 i - a potion of brilliance {unknown}
Comestibles
 d - 5 rations
 m - 6 chunks of flesh


   Skills:
 - Level 2.2 Fighting
 * Level 2.2 Axes
 + Level 2.5 Dodging
 - Level 2.0 Stealth
 + Level 1.2 Shields
 - Level 2.0 Spellcasting
 - Level 1.2 Conjurations
 - Level 0.8 Summonings
 - Level 2.0 Translocations
   Level 1.0 Ice Magic
 - Level 1.1 Evocations


You had 3 spell levels left.
You knew the following spells:

 Your Spells              Type           Power        Failure   Level  Hunger
a - Magic Dart            Conj           #...         69%         1    #......
b - Blink                 Tloc           N/A          71%         2    ###....
c - Call Imp              Summ           #.......     86%         2    ###....

Your spell library contained the following spells:

 Spells                   Type           Power        Failure   Level  Hunger
 Slow                     Hex            #.......     92%         2    ###....
 Conjure Flame            Conj/Fire      #.......     98%         3    ###....
 Mephitic Cloud           Conj/Pois/Air  #.......     98%         3    ###....


Dungeon Overview and Level Annotations

Branches:
Dungeon (3/15)

Altars:
Trog
Xom

Annotations:
D:1 1 runed door


Innate Abilities, Weirdness & Mutations

You cannot wear most types of armour.
You are very stealthy in the water. (Stealth+)
You are amphibious.
You can wear up to eight rings at the same time.
You can use your tentacles to constrict eight enemies at once.
Your skin changes colour to match your surroundings (Stealth+).
Your rubbery body absorbs attacks. (AC +1, EV +1)


Message History

You hit something but do no damage. You block something's attack.
Something hits you.
* * * LOW HITPOINT WARNING * * *
You hit something but do no damage. Something hits you.
* * * LOW HITPOINT WARNING * * *
You barely miss something. Something hits you.
* * * LOW HITPOINT WARNING * * *
Something hits you but does no damage.
You barely miss something. Something completely misses you.
You barely miss something. Your squeeze misses something.
Something hits you but does no damage.
You closely miss something. You block something's attack.
Something hits you but does no damage.
You miss something. You squeeze something.
You hear some strange, mumbled words.
A magic dart appears from out of thin air!
The magic dart hits you!
* * * LOW HITPOINT WARNING * * *
You barely miss something. Your squeeze misses something. Something hits you.
You die...

#.# #. ### #.
#. ##### #.
######.#.# #.
#......#.#
#.#####.
#.######.#
#.......
#รท######.#
#######.#
#######.
####.#......#
#.@{....# #.
.......######
#.####### #.
####.### #.#
#. #.# #.# #.
#.# #.# ## #.#
#.# #.# #.#
#.#
#.#########
#.#
####<#.......#


There were no monsters in sight!

Vanquished Creatures
  Jessica (D:2)
  Robin (D:3)
  An ooze (D:1)
  A dart slug (D:1)
  2 leopard geckos
  3 orcs (D:3)
  9 bats
  A giant cockroach (D:1)
  13 hobgoblins
  A quokka (D:2)
  3 ball pythons (D:2)
  3 frilled lizards (D:1)
  8 goblins
  9 kobolds
  3 rats
59 creatures vanquished.

Vanquished Creatures (collateral kills)
  An adder (D:2)
1 creature vanquished.

Grand Total: 60 creatures vanquished

Notes
Turn   | Place    | Note
-------+----------+-------------------------------------------
     0 | D:1      | Garbasso the Octopode Wanderer began the quest for the Orb.
     0 | D:1      | Garbasso set off with: a +0 hand axe, a potion of curing, a
                  | ration
     0 | D:1      | Reached XP level 1. HP: 14/14 MP: 3/3
     2 | D:1      | Learned a level 1 spell: Magic Dart
     3 | D:1      | Found a runed door.
    38 | D:1      | Reached XP level 2. HP: 15/19 MP: 3/5
   239 | D:1      | Reached skill level 1 in Dodging
   524 | D:1      | Learned a level 2 spell: Blink
   527 | D:1      | Learned a level 2 spell: Call Imp
   727 | D:1      | Reached XP level 3. HP: 20/24 MP: 6/6
   737 | D:1      | Reached skill level 1 in Conjurations
  1165 | D:2      | Found a shimmering altar of Xom.
  1165 | D:2      | Found a shimmering altar of Xom.
  1177 | D:2      | Found a shimmering altar of Xom.
  1178 | D:2      | Found a shimmering altar of Xom.
  1178 | D:2      | Found a shimmering altar of Xom.
  1242 | D:2      | Noticed Jessica
  1251 | D:2      | Killed Jessica
  1251 | D:2      | Reached XP level 4. HP: 9/29 MP: 7/7
  2060 | D:2      | Found a bloodstained altar of Trog.
  2356 | D:3      | Noticed Robin
  2360 | D:3      | Reached skill level 1 in Shields
  2374 | D:3      | Killed Robin
  2715 | D:3      | Reached XP level 5. HP: 31/34 MP: 8/8
  2730 | D:3      | HP: 1/34 [something/magic dart (5)]
  2731 | D:3      | Slain by an orc wizard

Skill      XL: |  1  2  3  4 |
---------------+-------------+-----
Dodging        | 1 2 |  2.5
Stealth        | 2 |  2.0
Conjurations   | 1 |  1.2
Shields        | 1 |  1.2
Axes           | 2 |  2.2
Fighting       | |  2.2
Spellcasting   | |  2.0
Summonings     | |  0.8
Translocations | |  2.0
Ice Magic      | |  1.0
Evocations     | |  1.1

Action                   |  1- 3 |  4- 6 || total
-------------------------+-------+-------++-------
Melee: Hand axe          |    73 |    66 ||   139
       Tentacles         |    12 |     9 ||    21
       Constrict         |    17 |    17 ||    34
 Cast: Magic Dart        |     7 |       ||     7
       Call Imp          |     3 |       ||     3
       Blink             |     1 |       ||     1
 Stab: Sleeping          |     6 |     2 ||     8
  Eat: Chunk             |     2 |     4 ||     6
Armor: Skin              |     7 |     6 ||    13
Dodge: Dodged            |    50 |    17 ||    67
Block: Large shield      |    13 |    38 ||    51
